 Dungeon Crawl Stone Soup version 0.28.0-47-ge53b351184 (webtiles) character file.

Game seed: 16552709864985516583

25382 Peloso the Fencer (level 12, -2/112 HPs)
             Began as a Minotaur Fighter on Apr 30, 2022.
             Was a High Priest of Okawaru.
             Slain by a reaper
             ... wielding a +0 scythe of freezing
              (6 damage)
             ... in an ice cave.
             The game lasted 00:40:55 (16230 turns).

Peloso the Fencer (Minotaur Fighter)               Turns: 16230, Time: 00:40:55

Health: -2/112     AC: 25    Str: 24    XL:     12   Next: 89%
Magic:  11/13      EV:  8    Int:  5    God:    Okawaru [*****.]
Gold:   512        SH:  9    Dex: 15    Spells: 11/11 levels left

rFire   x . .      SeeInvis .   a - +0 long sword
rCold   + . .      Faith    .   c - +1 buckler
rNeg    . . .      Spirit   .   d - +0 plate armour
rPois   .          Reflect  .   (helmet restricted)
rElec   .          Harm     .   i - +2 cloak
rCorr   .          Rampage  +   o - +1 pair of gloves
Will    +....                   (no boots)
Stlth   ..........              G - amulet of Jealousy {Acrobat Rampage Will+ Regen+ Dex+3}
HPRegen 1.08/turn               P - ring of ice
MPRegen 0.13/turn               N - ring of flight

@: mighty, heroic, flying, constricted
A: horns 2, retaliatory headbutt
a: Renounce Religion, Heroism, Finesse, Duel


You were in an ice cave.
You worshipped Okawaru.
Okawaru was extremely pleased with you.
You visited 3 branches of the dungeon, and saw 15 of its levels.
You also visited: Ice Cave.

You collected 659 gold pieces.
You spent 147 gold pieces at shops.

Inventory:

Hand Weapons
 a - a +0 long sword (weapon)
Armour
 b - a +0 scale mail
 c - a +1 buckler (worn)
 d - a +0 plate armour (worn)
 h - the +14 crystal plate armour of a treasure trove {Harm *Slow MP+9 Dex+2}
   (Okawaru gifted it to you in an ice cave)

   Dex:       It affects your dexterity (+2).
   MP:        It affects your magic capacity (+9).
   *Slow:     It may slow you when you take damage.
   Harm:      It increases damage dealt and taken.
 i - a +2 cloak (worn)
 o - a +1 pair of gloves (worn)
Jewellery
 j - a ring of poison resistance
 k - the ring "Duilomyewu" {Fire Str+2 SInv Stlth-}
   (You found it on level 7 of the Dungeon)

   [ring of fire]

   It enhances your fire magic.
   Str:       It affects your strength (+2).
   rF:        It protects you from fire.
   rC:        It makes you vulnerable to cold.
   SInv:      It lets you see invisible.
   Stlth:     It makes you less stealthy.
 A - a ring of resist corrosion
 G - the amulet of Jealousy (around neck) {Acrobat Rampage Will+ Regen+ Dex+3}
   (You found it on level 8 of the Dungeon)

   [amulet of the acrobat]

   It increases your evasion while moving and waiting.
   Dex:       It affects your dexterity (+3).
   Regen:     It increases your rate of health regeneration.
   Rampage:   It bestows one free step when moving towards enemies.
   Will:      It increases your willpower.
 N - a ring of flight (right hand)
 P - a ring of ice (left hand)
 Q - a ring of see invisible
 S - an amulet of regeneration
Wands
 m - a wand of iceblast (1)
 t - a wand of flame (4)
 D - a wand of paralysis (9)
 I - a wand of digging (6)
Scrolls
 g - 3 scrolls of fear
 l - a scroll of acquirement
 n - a scroll of noise
 p - a scroll of holy word
 q - 2 scrolls of blinking
 s - 2 scrolls of magic mapping
 w - a scroll of silence
 z - 4 scrolls of teleportation
 C - 2 scrolls of immolation
 F - 2 scrolls of fog
 K - a scroll of brand weapon
Potions
 e - 2 potions of curing
 f - a potion of flight
 u - a potion of heal wounds
 v - a potion of degeneration {unknown}
 E - a potion of resistance {unknown}
 H - a potion of haste {unknown}
 M - a potion of magic {unknown}
Miscellaneous
 L - a piece from Xom's chessboard (15/15)


   Skills:
 + Level 12.0(17.0) Fighting
 + Level 15.3(20.3) Long Blades
 + Level 13.8(18.8) Armour
 + Level 3.3(8.3) Dodging
 + Level 1.6(6.6) Stealth
 + Level 9.6(14.6) Shields
 + Level 1.7(6.7) Unarmed Combat
 + Level 3.6 Invocations
 + Level 3.5 Evocations


You had 11 spell levels left.
You didn't know any spells.
Your spell library contained the following spells:

 Spells                   Type           Power      Damage    Failure   Level
 Apportation              Tloc           0%         N/A       98%         1
 Magic Dart               Conj           0%         1d3       98%         1
 Ensorcelled Hibernation  Hex/Ice        0%         N/A       99%         2
 Passwall                 Tmut/Erth      0%         N/A       99%         2
 Searing Ray              Conj           0%         2d4       99%         2
 Static Discharge         Conj/Air       0%         N/A       99%         2
 Sublimation of Blood     Necr           0%         N/A       99%         2
 Swiftness                Air            0%         N/A       100%        3
 Dispel Undead            Necr           0%         3d6       100%        4
 Fulminant Prism          Conj/Hex       0%         3d6       100%        4
 Petrify                  Tmut/Erth      0%         N/A       100%        4
 Sticky Flame             Conj/Fire      0%         2d3       100%        4
 Irradiate                Conj/Tmut      0%         3d13      100%        5
 Iskenderun's Battlesphe  Conj           0%         2d6       100%        5
 Iron Shot                Conj/Erth      0%         9d1       100%        6
 Orb of Destruction       Conj           0%         9d5       100%        7
 Animate Skeleton         Necr           Unusable   N/A       N/A         1
 Summon Small Mammal      Summ           Unusable   N/A       N/A         1
 Summon Guardian Golem    Hex/Summ       Unusable   N/A       N/A         3
 Spellforged Servitor     Conj/Summ      Unusable   N/A       N/A         7

Dungeon Overview and Level Annotations

Branches:
Dungeon (12/15)            Temple (1/1) D:6            Lair (2/6) D:9
 Spider (0/4) Lair:2          Orc (0/2) D:12          IceCv (1/1)
  Swamp: Lair:2-4    Shoals: Lair:2-4

Altars:
Ashenzari
Cheibriados
Dithmenos
Elyvilon
Fedhas
Gozag
Hepliaklqana
Kikubaaqudgha
Nemelex Xobeh
Okawaru
Qazlal
Ru
Sif Muna
Uskayaw
Vehumet
Wu Jian
Xom
Yredelemnul

Shops:
D:9 ?

Annotations:
D:3 2 transporters, maxonian's ghost, amateur MiAr
D:8 3 runed translucent doors, exclusion: 2 oklob saplings, Sheol's ghost, journeyman MiFi
Lair:1 3 runed translucent doors, crawlogic's ghost, journeyman HOBe


Innate Abilities, Weirdness & Mutations

You have a pair of horns on your head.
You reflexively headbutt those who attack you in melee.


Message History

You feel much better. The reaper closely misses you.
Found three items.
The reaper shouts, "Death awaits you!"
The reaper hits you with a +0 scythe of freezing!
The reaper freezes you.
You hit the reaper but do no damage. You headbutt the reaper.
The reaper is lightly wounded.
Unknown command.
You slash the reaper!
The reaper is lightly wounded.
The reaper barely misses you.
Unknown command.
You slash the reaper!
The reaper is moderately wounded.
The reaper hits you with a +0 scythe of freezing!
The reaper freezes you.
The naga simulacrum hits you but does no damage.
You block the naga simulacrum's attack.
Unknown command.
You slash the reaper!
You headbutt the reaper, but do no damage.
The reaper is heavily wounded.
The reaper hits you with a +0 scythe of freezing!!
The reaper freezes you.
Unknown command.
You gain the combat prowess of a mighty hero.
The naga simulacrum hits you but does no damage.
The naga simulacrum barely misses you. You block the reaper's attack.
You slash the reaper!
The reaper is severely wounded.
You block the naga simulacrum's attack. The naga simulacrum grabs you.
The naga simulacrum constricts you.
* * * LOW HITPOINT WARNING * * *
Unknown command.
You slash the reaper!
The reaper is severely wounded.
The reaper hits you with a +0 scythe of freezing!!
* * * LOW HITPOINT WARNING * * *
The reaper freezes you.
You die...

.##
§§§☼§§##..○....##
..##
##§○○.°○##.......#
...#
○☼§#.○°§§......##
...#
###○☼#..###.....##
..##
##.☼§.#○☼...#..###
..##
......#.☼°..####
...## ##......###
∩...# #..Z..###
....# ###@###
∩..##
#.)....2....[.#
..##
#...##(:)##...#
### ## ##### ##


You could see a reaper and a naga simulacrum.

Vanquished Creatures
  Harold (D:8)
  A hydra (Lair:2)
  4 two-headed ogres
  A deep elf pyromancer (D:10)
  2 manticores
  Joseph (D:7)
  2 ice statues (IceCv)
  A black mamba (Lair:2)
  8 cane toads
  4 komodo dragons
  Psyche (D:11)
  5 kobold demonologists
  2 unseen horrors
  A rime drake (Lair:2)
  6 ice devils (IceCv)
  An anaconda simulacrum (IceCv)
  A troll (D:9)
  A polar bear (Lair:1)
  4 blink frogs (Lair:2)
  2 meliai zombies (D:10)
  2 wraiths
  2 culicivoras (Lair:2)
  25 yaks
  A wyvern (D:9)
  A shadow (D:5)
  2 basilisks
  4 death yak simulacra
  2 fire bats (Lair:1)
  3 steam dragons
  A harpy simulacrum (IceCv)
  5 water moccasins
  4 orc warriors
  2 ogres
  5 wolves
  3 kobold brigands
  8 bullfrogs
  A wyvern zombie (D:7)
  2 gnoll sergeants
  5 two-headed ogre simulacra
  4 killer bees (D:10)
  An elephant simulacrum (D:12)
  13 electric eels
  3 howler monkeys
  A lava snake (Lair:1)
  5 centaur zombies
  A bullfrog zombie (D:5)
  2 hounds
  2 jellies
  A bullfrog skeleton (D:3)
  5 orc priests
  An iguana (D:3)
  5 orc wizards
  3 troll simulacra
  Ijyb (D:4)
  A spriggan simulacrum (D:12)
  A wolf simulacrum (IceCv)
  A polar bear simulacrum (IceCv)
  A killer bee zombie (D:9)
  2 howler monkey zombies
  6 gnolls
  2 naga simulacra
  6 adders
  3 white imps (IceCv)
  4 ufetubi
  4 worms
  A dart slug (D:1)
  31 orcs
  6 bats
  4 endoplasms
  A giant cockroach (D:4)
  7 goblins
  6 hobgoblins
  9 jackals
  16 kobolds
  2 quokkas
  14 ball pythons
  3 frilled lizards
  7 rats
313 creatures vanquished.

Vanquished Creatures (others)
  An ogre (D:7)
  A white imp (IceCv)
  2 ball pythons (D:8)
  7 fungi
  22 plants
33 creatures vanquished.

Grand Total: 346 creatures vanquished

Notes
Turn   | Place    | Note
-------+----------+-------------------------------------------
     0 | D:1      | Peloso the Minotaur Fighter began the quest for the Orb.
     0 | D:1      | Reached XP level 1. HP: 19/19 MP: 0/0
    70 | D:1      | Reached XP level 2. HP: 23/27 MP: 1/1
   597 | D:1      | Noticed a floating eye
   599 | D:1      | Found a faded altar of an unknown god.
   602 | D:1      | Noticed a great orb of eyes
   602 | D:1      | Noticed an eye of devastation
   602 | D:1      | Noticed a golden eye
   876 | D:1      | Reached XP level 3. HP: 33/33 MP: 2/2
  1822 | D:2      | Identified a scroll of acquirement
  1960 | D:3      | Reached skill level 3 in Long Blades
  1960 | D:3      | Reached XP level 4. HP: 30/40 MP: 3/3
  2126 | D:3      | Found a transporter.
  2128 | D:3      | Noticed maxonian's ghost (amateur MiAr)
  2211 | D:3      | Found a transporter.
  2321 | D:3      | Reached skill level 5 in Armour
  2321 | D:3      | Reached XP level 5. HP: 41/47 MP: 4/4
  2324 | D:3      | Reached skill level 4 in Long Blades
  2461 | D:3      | Reached skill level 1 in Dodging
  3125 | D:4      | Noticed Ijyb
  3135 | D:4      | Killed Ijyb
  3136 | D:4      | Reached skill level 1 in Unarmed Combat
  3599 | D:5      | Entered Level 5 of the Dungeon
  3618 | D:5      | Noticed a shadow
  3632 | D:5      | Killed a shadow
  3633 | D:5      | Reached skill level 5 in Long Blades
  3633 | D:5      | Reached XP level 6. HP: 24/53 MP: 5/5
  4505 | D:5      | Reached XP level 7. HP: 60/60 MP: 6/6
  4853 | D:6      | Found an ornate altar of the Wu Jian Council.
  5107 | D:6      | Found a staircase to the Ecumenical Temple.
  5120 | D:6      | Reached skill level 5 in Fighting
  5120 | D:6      | Reached skill level 6 in Long Blades
  5120 | D:6      | Reached skill level 1 in Stealth
  5126 | Temple   | Entered the Ecumenical Temple
  5236 | Temple   | Became a worshipper of Warmaster Okawaru
  5497 | D:7      | Noticed Joseph
  5513 | D:7      | Killed Joseph
  5513 | D:7      | Reached * piety under Okawaru
  5514 | D:7      | Reached skill level 7 in Long Blades
  5514 | D:7      | Reached XP level 8. HP: 30/69 MP: 7/7
  5777 | D:7      | Identified the ring "Duilomyewu" {Fire Str+2 SInv Stlth-}
  5781 | D:7      | Noticed a two-headed ogre
  5795 | D:7      | Killed a two-headed ogre
  5796 | D:7      | Reached skill level 8 in Long Blades
  5796 | D:7      | Reached skill level 5 in Shields
  6199 | D:7      | Killed an unseen horror
  6199 | D:7      | Reached ** piety under Okawaru
  6200 | D:7      | Reached skill level 9 in Long Blades
  6200 | D:7      | Reached XP level 9. HP: 9/78 MP: 6/8
  7088 | D:7      | You fall into a shaft and drop 3 floors!
  7088 | D:10     | Entered Level 10 of the Dungeon
  7088 | D:10     | Found a radiant altar of Vehumet.
  7107 | D:10     | Reached skill level 1 in Invocations
  7110 | D:10     | Reached skill level 1 in Evocations
  7387 | D:9      | Noticed a two-headed ogre
  7424 | D:9      | Killed a two-headed ogre
  7424 | D:9      | Reached *** piety under Okawaru
  7425 | D:9      | Reached skill level 10 in Long Blades
  7816 | D:8      | Found a runed translucent gate.
  7816 | D:8      | Found a runed translucent gate.
  7816 | D:8      | Found a runed translucent gate.
  7817 | D:8      | Noticed Sheol's ghost (journeyman MiFi)
  7865 | D:8      | Identified the amulet of Jealousy {Acrobat Rampage Will+
                  | Regen+ Dex+3}
  8165 | D:8      | Noticed Harold
  8188 | D:8      | Killed Harold
  8189 | D:8      | Reached skill level 11 in Long Blades
  8189 | D:8      | Reached XP level 10. HP: 39/88 MP: 8/10
  8204 | D:8      | Noticed a two-headed ogre
  8560 | D:8      | Killed a two-headed ogre
  8560 | D:8      | Reached **** piety under Okawaru
  8560 | D:8      | Received a gift from Okawaru
  8561 | D:8      | Reached skill level 10 in Armour
  9330 | D:8      | Noticed a manticore
  9339 | D:8      | Killed a manticore
  9807 | D:8      | Received a gift from Okawaru
 10284 | D:9      | Found a shadowy altar of Dithmenos.
 10306 | D:9      | Noticed a two-headed ogre
 10517 | D:9      | Found a staircase to the Lair.
 10647 | D:9      | Killed a two-headed ogre
 10648 | D:9      | Reached skill level 12 in Long Blades
 10829 | D:9      | Found a broken altar of Ashenzari.
 11140 | D:9      | Reached XP level 11. HP: 60/95 MP: 12/12
 11373 | D:9      | Found Obrudaew's Magic Scroll Boutique.
 11376 | D:9      | Bought a scroll of identify for 28 gold pieces
 11376 | D:9      | Bought a scroll of identify for 28 gold pieces
 11376 | D:9      | Bought a scroll of teleportation for 42 gold pieces
 11376 | D:9      | Bought a scroll of magic mapping for 49 gold pieces
 11455 | D:10     | Found an ancient bone altar of Kikubaaqudgha.
 11456 | D:10     | Found a blossoming altar of Fedhas.
 11652 | D:10     | Reached ***** piety under Okawaru
 11892 | D:10     | Noticed a deep elf pyromancer
 11897 | D:10     | Killed a deep elf pyromancer
 12022 | D:10     | Received a gift from Okawaru
 12023 | D:10     | Reached skill level 13 in Long Blades
 12801 | D:11     | Noticed Psyche
 12813 | D:11     | Killed Psyche
 13142 | D:11     | Identified the +1 chain mail of Efieb {-Cast Str+3}
 13312 | Lair:1   | Entered Level 1 of the Lair of Beasts
 13364 | Lair:1   | Reached skill level 14 in Long Blades
 13474 | Lair:1   | Received a gift from Okawaru
 13475 | Lair:1   | Reached skill level 10 in Fighting
 13545 | Lair:1   | Found a runed translucent gate.
 13546 | Lair:1   | Found a runed translucent gate.
 13547 | Lair:1   | Found a runed translucent gate.
 13549 | Lair:1   | Noticed crawlogic's ghost (journeyman HOBe)
 13626 | Lair:1   | Identified the +1 robe "Xyney" {+Inv rC+} (Okawaru gifted
                  | it to you on level 1 of the Lair of Beasts)
 13626 | Lair:1   | Received a gift from Okawaru
 13638 | Lair:1   | Reached XP level 12. HP: 16/107 MP: 11/13
 13789 | Lair:1   | HP: 5/108 [poisoned by a cane toad]
 13794 | Lair:1   | HP: 5/108 [poisoned by a cane toad]
 14715 | Lair:2   | Found a basalt altar of Yredelemnul.
 14791 | Lair:2   | Noticed a four-headed hydra
 14801 | Lair:2   | Killed a four-headed hydra
 15280 | Lair:2   | Found a hole to the Spider Nest.
 15568 | D:12     | Reached skill level 15 in Long Blades
 15698 | D:12     | Found a frozen archway.
 15721 | D:12     | Noticed a boulder beetle
 15726 | IceCv    | Entered an ice cave
 15856 | IceCv    | Identified the +14 crystal plate armour of a treasure trove
                  | {Harm *Slow MP+9 Dex+2} (Okawaru gifted it to you in an ice
                  | cave)
 15856 | IceCv    | Received a gift from Okawaru
 16220 | IceCv    | Noticed a reaper
 16230 | IceCv    | HP: 4/112 [reaper/+0 scythe of freezing (28)]
 16230 | IceCv    | Slain by a reaper

Illustrated notes

Levels and vault maps discovered:
D:1:      enne_arrival_octagon_isle, layout_loops_cross,
          hellmonk_ecumenical_altar_watching_god, st_stairs_6,
          hangedman_decor_push
D:2:      layout_loops_corners, kennysheep_generic_room_10
D:3:      layout_rooms, gammafunk_ghost_arena
D:4:      layout_loops_corners, chequers_big_river, solitary_fountain, uniq_ijyb
D:5:      layout_loops_cross
D:6:      layout_loops_cross, mainiacjoe_overflow_alcove_4, temple_hall,
          minmay_misc_feat_cross
D:7:      layout_loops_cross, uniq_joseph
D:8:      layout_basic, gammafunk_ghost_necromancy, introduction_to_nature_1,
          uniq_harold
D:9:      layout_irregular_city, ashenzari_conservatory_becter,
          mainiacjoe_overflow_tiny_flanked, lair_entry_dummy, serial_shops,
          nicolae_shop_behind_doors, kennysheep_small_square
D:10:     layout_basic, grunt_temple_overflow_growth_and_decay, vehumet_crystals
D:11:     layout_loops_cross, uniq_psyche
D:12:     layout_roguey, minmay_orc_entry_temple_small,
          portal_ice_cave_entry_ice_simulacra, uniq_nessos
Temple:   regret_index_temple_sphere_string
Lair:1:   layout_gridlike, gammafunk_ghost_split, beast_lair_carwin_8
Lair:2:   layout_regular_city, hellmonk_spider_entry_life_and_decay,
          basic_altar, infiniplex_staircase_pool, grunt_megastairs_5,
          lemuel_fruit_tree, serial_bayou_shore_b
IceCv:    ice_cave_small_demon

Skill      XL: |  1  2  3  4  5  6  7  8  9 10 11 12 |
---------------+-------------------------------------+-----
Shields        | 4 5 6 7 8 9 |  9.6
Armour         | 4 5 6 7 8 9 11 12 13 | 13.8
Fighting       | 4 5 6 7 8 10 12 | 12.0
Long Blades    | 3 5 7 9 11 12 14 15 | 15.3
Dodging        | 1 2 3 |  3.3
Unarmed Combat | 1 |  1.7
Stealth        | 1 |  1.6
Invocations    | 2 3 |  3.6
Evocations     | 1 2 3 |  3.5

Action                   |  1- 3 |  4- 6 |  7- 9 | 10-12 || total
-------------------------+-------+-------+-------+-------++-------
Melee: Long sword        |   111 |   104 |   217 |   763 ||  1195
       Headbutt          |    19 |    22 |    53 |   201 ||   295
       Unarmed           |       |     7 |       |       ||     7
Invok: Heroism           |       |       |    10 |    31 ||    41
Evoke: Wand              |       |       |     8 |    29 ||    37
  Use: Scroll            |     4 |     3 |     4 |     8 ||    19
       Potion            |       |     2 |       |     3 ||     5
Armor: Scale mail        |    58 |     2 |       |       ||    60
       Chain mail        |       |    52 |       |       ||    52
       Skin              |       |     2 |       |       ||     2
       Plate armour      |       |       |   114 |   274 ||   388
Dodge: Dodged            |    51 |    34 |    71 |   244 ||   400
Block: Buckler           |    21 |    24 |    59 |   216 ||   320
